 Dungeon Crawl Stone Soup version 0.22-a0-91-g23542c2 (webtiles) character file.

352 GrunderHorse the Covert (level 6, -1/41 HPs)
             Began as a Vampire Enchanter on Jan 22, 2018.
             Was an Initiate of Okawaru.
             Slain by a phantom (6 damage)
             ... on level 4 of the Dungeon.
             The game lasted 00:21:59 (3758 turns).

GrunderHorse the Covert (Vampire Enchanter)         Turns: 3758, Time: 00:22:00

Health: -1/41      AC:  2    Str:  7    XL:     6   Next: 34%
Magic:  9/9        EV: 13    Int: 18    God:    Okawaru [......]
Gold:   200        SH:  0    Dex: 16    Spells: 0/9 levels left

rFire    . . .     SeeInvis +   s - +0 dagger (venom)
rCold    + . .     Gourm    .   (no shield)
rNeg     + + .     Faith    .   b - +0 robe
rPois    +         Spirit   .   (no helmet)
rElec    .         Reflect  .   (no cloak)
rCorr    .         Harm     .   (no gloves)
MR       .....                  (no boots)
Stlth    +++++.....             l - amulet of magic regeneration
HPRegen  0.06/turn              (no ring)
MPRegen  0.36/turn              (no ring)

@: regenerating slowly
A: fangs 3, see invisible, unbreathing
a: Bat Form, Renounce Religion


You were on level 4 of the Dungeon.
You worshipped Okawaru.
Okawaru was noncommittal.
You were very thirsty.

You visited 1 branch of the dungeon, and saw 4 of its levels.

You collected 200 gold pieces.

Inventory:

Hand Weapons
 a - a +1 dagger
 j - a +0 dagger
 m - a +0 dagger of pain
 s - a +0 dagger of venom (weapon)
 u - a +3 quarterstaff
 x - a +0 blowgun
Missiles
 i - 121 stones
 k - 21 poisoned needles
 q - 6 tomahawks of returning (quivered)
 y - 5 tomahawks
Armour
 b - a +0 robe (worn)
Jewellery
 l - an amulet of magic regeneration (around neck)
Scrolls
 e - a scroll of immolation {unknown}
 g - 3 scrolls of identify
 h - 2 scrolls of magic mapping {unknown}
 n - a scroll of enchant armour {unknown}
 o - a scroll of teleportation
 t - 2 scrolls of remove curse {unknown}
 v - a scroll of random uselessness {unknown}
Potions
 d - 12 potions of blood
 f - a potion of curing
 p - a potion of lignification {unknown}
 r - a potion of might {unknown}
 z - a potion of heal wounds {unknown}
 A - a potion of ambrosia {unknown}
Books
 c - a book of Maledictions

   Spells                             Type                      Level
   a - Corona                         Hexes                        1
   b - Ensorcelled Hibernation        Hexes/Ice                    2
   c - Confuse                        Hexes                        3
   d - Tukima's Dance                 Hexes                        3
   e - Dazzling Spray                 Conjuration/Hexes            3
Comestibles
 w - a ration


   Skills:
 + Level 2.8 Short Blades
 - Level 2.3 Dodging
 * Level 8.8 Stealth
 - Level 2.1 Spellcasting
 + Level 6.6 Hexes


You couldn't memorise any spells.
You knew the following spells:

 Your Spells              Type           Power        Failure   Level  Hunger
a - Corona                Hex            ####...      1%          1    #......
b - Ensorcelled Hibernat  Hex/Ice        ##....       7%          2    ###....
c - Tukima's Dance        Hex            ####....     3%          3    ###....
d - Confuse               Hex            ####....     3%          3    ###....


Dungeon Overview and Level Annotations

Branches:
Dungeon (4/15)
 Temple: D:4-7

Altars:
Okawaru


Innate Abilities, Weirdness & Mutations

You heal slowly.
You have razor-sharp teeth.
You have supernaturally acute eyesight. (SInv)
You can survive without breathing.


Message History

You barely miss the phantom.
The phantom is lightly damaged.
The phantom misses you.
You barely miss the phantom.
The phantom is lightly damaged.
The phantom misses you.
You closely miss the phantom.
The phantom is lightly damaged.
The phantom barely misses you.
You closely miss the phantom.
The phantom is lightly damaged.
The phantom barely misses you.
You hit the phantom but do no damage. Your bite misses the phantom.
The phantom is lightly damaged.
The phantom hits you but does no damage.
You hit the phantom but do no damage.
The phantom is lightly damaged.
The phantom blinks!
The phantom hits you.
You die...

#### #.. #W#
#@# #ยง# s#
#(# .#..# #(#
#.#..# #.#
#####.#..# #.#
#...#.#..# #(#
#...#.#..#.#.#
#...#.#..#.#.#


You could see a phantom.

Vanquished Creatures
  An orc priest (D:3)
  2 hounds (D:4)
  Natasha (twice) (D:2)
  2 worker ants
  Robin (D:2)
  5 adders
  2 worms
  2 dart slugs
  3 leopard geckos (D:2)
  5 orcs (D:3)
  2 giant cockroaches
  20 goblins
  6 hobgoblins
  7 jackals
  9 bats
  4 frilled lizards
  14 kobolds
  6 rats
93 creatures vanquished.

Notes
Turn   | Place    | Note
-------+----------+-------------------------------------------
     0 | D:1      | GrunderHorse the Vampire Enchanter began the quest for the Orb.
     0 | D:1      | Reached XP level 1. HP: 13/13 MP: 3/3
   343 | D:1      | Reached XP level 2. HP: 18/19 MP: 5/5
   347 | D:1      | Learned a level 2 spell: Ensorcelled Hibernation
   405 | D:1      | Reached skill level 5 in Stealth
   881 | D:1      | Reached skill level 5 in Hexes
   886 | D:1      | Reached XP level 3. HP: 9/24 MP: 1/6
  1323 | D:2      | Found an iron altar of Okawaru.
  1438 | D:2      | Noticed Robin
  1446 | D:2      | Killed Robin
  1446 | D:2      | Reached skill level 6 in Stealth
  1665 | D:2      | Reached XP level 4. HP: 14/30 MP: 7/7
  1704 | D:2      | Learned a level 3 spell: Tukima's Dance
  1801 | D:2      | Became a worshipper of Warmaster Okawaru
  2195 | D:2      | Noticed Natasha
  2201 | D:2      | Killed Natasha
  2201 | D:2      | Reached skill level 7 in Stealth
  2358 | D:2      | Reached XP level 5. HP: 35/35 MP: 8/8
  2369 | D:2      | Noticed Natasha
  2378 | D:2      | Killed Natasha
  2690 | D:3      | Reached skill level 8 in Stealth
  2734 | D:3      | You fall through a shaft!
  3009 | D:3      | Reached XP level 6. HP: 33/41 MP: 9/9
  3382 | D:3      | Learned a level 3 spell: Confuse
  3758 | D:4      | Slain by a phantom

Vault maps used:
D:1:      minmay_arrival_hallway, minmay_pentomino_r4
D:2:      okawaru_ov_weapons_minmay, first_ration, uniq_natasha, uniq_robin
D:4:      lemuel_round_altar, nemelex_xobeh_ov_fountains_minmay, st_stairs_14

Skill      XL: |  1  2  3  4  5 |
---------------+----------------+-----
Stealth        | 5 6 7 8 |  8.8
Hexes          | 5 6 |  6.6
Short Blades   | 2 |  2.8
Dodging        | |  2.3
Spellcasting   | |  2.1

Action                   |  1- 3 |  4- 6 || total
-------------------------+-------+-------++-------
Melee: Dagger            |   133 |   152 ||   285
       Bite              |     8 |    13 ||    21
 Fire: Blowgun           |       |     4 ||     4
 Cast: Ensorcelled Hiber |    20 |    36 ||    56
       Corona            |       |     3 ||     3
  Use: Potion            |     4 |     5 ||     9
       Scroll            |     3 |       ||     3
 Stab: Sleeping          |    13 |    33 ||    46
       Distracted        |       |     1 ||     1
  Eat: Corpse            |       |     1 ||     1
Armor: Robe              |    23 |    12 ||    35
Dodge: Dodged            |   121 |   101 ||   222

Table legend:
 A = Spawn XP
 B = Non-spawn XP
 C = Spawn XP percentage of total XP
 D = Spawn monster count
 E = Non-spawn monster count
 F = Spawn count percentage of total count
 G = Total turns spent on level
                    A         B        C        D         E        F      G
               +---------+---------+-------+---------+---------+-------+---------
         Total |       0 |     503 |   0.0 |       0 |      93 |   0.0 |  3758
               +---------+---------+-------+---------+---------+-------+---------
           D:1 |       0 |      44 |   0.0 |       0 |      28 |   0.0 |  1220
           D:2 |       0 |     191 |   0.0 |       0 |      31 |   0.0 |  1199
           D:3 |       0 |     143 |   0.0 |       0 |      31 |   0.0 |  1207
           D:4 |       0 |     125 |   0.0 |       0 |       3 |   0.0 |   132
               +---------+---------+-------+---------+---------+-------+---------
